Cogmind - Beta 14 @@@ ROGUE MODE // 2024.08.08 @ 20:15:51 Player: Kyzrati Result: Destroyed by G-47 Trooper with Particle Gun Performance ------------- Evolutions (2) 1000 Regions Visited (4) 800 Robots Destroyed (94) 470 Value Destroyed (2561) 2561 Prototype IDs (16) 320 Alien Tech Used (0) 0 Bonus (576) 576 TOTAL SCORE: 5727 Bonus ------- High Alert Combat Kills 576 Cogmind --------- Core Integrity 0/550 Matter 285/300 Energy 18/100 System Corruption 0% Temperature Hot (209) Movement Treading (155) Location -8/Storage Parts ------- > --- POWER (1) -------- (None) > --- PROPULSION (3) --- Light Treads Improved Treads Advanced Treads > --- UTILITY (4) ------ Improved Heat Sink High-capacity Storage Unit Hardened Medium Armor Plating Shield Generator > --- WEAPON (3) ------- Heavy Particle Gun Heavy Laser Heavy Particle Cannon > --- INVENTORY (20) --- Light Deuterium Engine Light Treads Titanium Leg Huge Storage Unit High-capacity Matter Pod (200) Light Armor Plating Heavy Armor Plating Hardlight Generator Rainbow Chip Heavy EM Shotgun Subdweller Beam Cannon Improved Assault Rifle Assault Cannon Shock Bomb Launcher Mini Grenade Launcher Subdweller Shrapnel Launcher Heavy Flail Peak State ------------ > --- POWER ------------ Light Nuclear Core > --- PROPULSION ------- Armored Treads Advanced Treads Advanced Treads > --- UTILITY ---------- Improved Heat Sink High-capacity Storage Unit Advanced Targeting Computer Hardened Light Armor Plating > --- WEAPON ----------- Heavy EM Shotgun Advanced Beam Rifle Heavy Laser > --- INVENTORY -------- Improved Ion Engine Improved Treads Advanced Treads Carbon-fiber Leg Titanium Leg Large Storage Unit High-capacity Matter Pod Light Armor Plating Heavy Armor Plating Hardened Medium Armor Plating Hardlight Generator Rainbow Chip Heavy Particle Gun Heavy Particle Gun Heavy Laser Subdweller Beam Cannon Mini Grenade Launcher Subdweller Shrapnel Launcher Heavy Flail [Rating: 39] Favorites ----------- Power Ion Engine Engine Ion Engine Power Core Light Nuclear Core Propulsion Light Treads Treads Light Treads Leg Aluminum Leg Utility Medium Storage Unit Device Improved Heat Sink Storage Medium Storage Unit Processor Advanced Targeting Computer Protection Core Shielding Weapon Medium Laser Energy Gun Medium Laser Energy Cannon Heavy Particle Cannon Ballistic Gun Heavy Battle Rifle Ballistic Cannon Light Cannon Launcher Subdweller Shrapnel Launcher Special Weapon Mining Laser Impact Weapon Heavy Flail Build | -11 -10 -10 -8 -8 ------- Run | Yrd Mat Sub Mat Sto Slots Evolved 4 | . . . 4 . Power . | . . . . . Propulsion 1 | . . . 1 . Utility 2 | . . . 2 . Weapon 1 | . . . 1 . Parts Attached 91 | 7 9 5 68 2 Power 9 | 1 1 . 7 . Engine 5 | 1 1 . 3 . Core 4 | . . . 4 . Reactor . | . . . . . Propulsion 15 | 2 . . 12 1 Treads 14 | 2 . . 11 1 Leg 1 | . . . 1 . Wheel . | . . . . . Hover . | . . . . . Flight . | . . . . . Utility 18 | 2 2 . 13 1 Device 6 | 1 . . 4 1 Storage 4 | 1 1 . 2 . Processor 1 | . . . 1 . Hackware . | . . . . . Protection 7 | . 1 . 6 . Artifact . | . . . . . Weapon 49 | 2 6 5 36 . Energy Gun 23 | 2 1 1 19 . Energy Cannon 7 | . . . 7 . Ballistic Gun 8 | . . 3 5 . Ballistic Cannon 2 | . 2 . . . Launcher 7 | . 2 1 4 . Special Weapon 1 | . 1 . . . Impact Weapon 1 | . . . 1 . Slashing Weapon . | . . . . . Piercing Weapon . | . . . . . Special Melee Weapon . | . . . . . Unidentified Prototypes 5 | . . . 5 . Parts Lost 20 | . . . 18 2 Power 3 | . . . 2 1 Propulsion 6 | . . . 5 1 Utility 5 | . . . 5 . Weapon 6 | . . . 6 . Highest Loss Streak 6 | . . . 6 2 To Critical Strikes . | . . . . . Average Slot Usage (%) 96 | . 100 100 93 99 Engine 8 | . 14 14 3 . Core 2 | . . . 5 8 Treads 27 | . 28 28 26 26 Device 6 | . 4 . 11 9 Storage 11 | . 14 14 9 9 Processor 2 | . . . 4 8 Protection 10 | . 9 14 8 9 Energy Gun 16 | . 22 12 16 18 Energy Cannon 1 | . . . 3 9 Ballistic Gun 3 | . . 7 3 . Ballistic Cannon 3 | . 3 7 . . Peak Build Rating 39 | 9 10 13 39 36 Average Rating 19 | 7 8 10 29 35 On Entrance 13 | . 9 8 12 36 Naked Turns . | . . . . . Heaviest Build 67 | 15 21 28 67 67 Greatest Support 64 | 40 40 40 64 64 Greatest Overweight (x) 4 | 4 . . 1 1 Average Overweight (x) . | . . . . 1 Largest Inventory Capacity 20 | 8 10 10 20 20 Average Capacity 12 | 7 9 10 16 20 Most Carried 20 | 6 10 10 20 20 Average Carried 11 | 3 9 9 14 19 Final Capacity 20 | 8 10 10 20 20 Final Carried 19 | 6 10 10 19 18 Class Distribution -------------------- 54% | Mutant 26% | Gunner 10% | Scavenger-Mutant 4% | Scavenger-Tank 3% | Tank Dominant Class ---------------- Mutant | -10/Materials Mutant | -10/Subcaves Gunner | -8/Materials Gunner | -8/Storage Resources | -11 -10 -10 -8 -8 ----------- Run | Yrd Mat Sub Mat Sto Matter Collected 2106 | 355 477 284 990 . Remotely . | . . . . . Salvage Created 3412 | 231 319 165 2510 187 Parts 190 | 15 24 11 126 14 Haulers Intercepted 7 | . 2 . 5 . Recyclers Shooed 2 | . . . 2 . Parts Field Recycled . | . . . . . Retrieved Matter . | . . . . . Parts Self-Destructed 26 | . . 26 . . Prevented . | . . . . . Kills | -11 -10 -10 -8 -8 ------- Run | Yrd Mat Sub Mat Sto Combat Hostiles Destroyed 64 | . 8 6 45 5 Melee 1 | . . . 1 . Guns 28 | . 7 1 18 2 Cannons 12 | . 1 4 4 3 AOE 21 | . . 1 20 . Classes Destroyed 13 | 3 4 1 5 . Worker 3 | 2 . . 1 . Builder 3 | . . . 3 . Tunneler 7 | 6 1 . . . Hauler 7 | . 2 . 5 . Recycler 5 | 1 . . 3 1 Mechanic 1 | . . . 1 . Operator 2 | . . . 2 . Watcher 6 | . 2 . 4 . Swarmer 18 | . 6 1 7 4 Grunt 29 | . 2 . 27 . Duelist 5 | . . . 5 . Sentry 7 | . . . 6 1 Subdweller 5 | . . 5 . . Best Kill Streak 11 | 3 4 1 11 5 Combat Bots Only 8 | . 3 1 8 4 Max Kills in Single Turn 6 | 1 1 1 6 2 Gunslinging . | . . . . . Exploded 5 | . . 1 5 . Melee 1 | . . . 1 . Uniques/NPCs Destroyed . | . . . . . Combat | -11 -10 -10 -8 -8 -------- Run | Yrd Mat Sub Mat Sto Hostile Shots Fired 344 | . 42 15 267 20 Missed 85 | . 14 6 63 2 Damage Taken 4518 | . 223 201 3908 186 Core 619 | . 34 29 520 36 Absorbed by Shields 16 | . . . . 16 Redirected to Shielding 13 | . 3 6 4 . Regen/Repaired (Parts) 49 | . . . 49 . Core Remaining (%) 87 | 100 . 74 . . Volleys Fired 263 | 22 44 36 150 11 Largest 3 | 2 2 2 3 3 Hottest 210 | 100 100 95 210 199 Shots Fired 480 | 44 68 49 292 27 Gun 359 | 44 52 26 221 16 Cannon 101 | . 10 21 59 11 Launcher 17 | . 3 2 12 . Special 3 | . 3 . . . Kinetic 109 | . 10 30 69 . Thermal 303 | 44 55 19 158 27 Explosive 7 | . 3 . 4 . Electromagnetic 61 | . . . 61 . Robot Hit Streak 27 | 11 10 22 27 9 Robot Miss Streak 5 | 3 5 1 5 1 Penetration Max . | . . . . . Secondary Targets 5 | . 1 . 4 . Max Gunslinging Chain 1 | . 1 . 1 . Shots Hit Robots 288 | 26 37 24 182 19 Core Hits 159 | 10 16 11 115 7 Critical Kills 1 | . . . 1 . Critical Parts Destroyed 1 | . . . 1 . Critical Strikes 13 | 4 2 1 6 . Burn 10 | 4 2 . 4 . Destroy 1 | . . 1 . . Smash 2 | . . . 2 . Melee Attacks 5 | . . . 5 . Impact 5 | . . . 5 . Slashing . | . . . . . Piercing . | . . . . . Sneak Attacks 1 | . . . 1 . Combat Hostiles . | . . . . . Follow-up Attacks . | . . . . . Damage Inflicted 7972 | 325 538 460 6239 410 Guns 4112 | 325 417 271 2839 260 Cannons 1046 | . 85 164 647 150 Explosions 2617 | . 36 25 2556 . Melee 186 | . . . 186 . Ramming 11 | . . . 11 . Kinetic 2438 | . 85 275 2078 . Thermal 3804 | 325 417 185 2467 410 Explosive 464 | . 36 . 428 . Electromagnetic 1069 | . . . 1069 . Impact 186 | . . . 186 . Slashing . | . . . . . Piercing . | . . . . . Highest Corruption . | . . . . . Average Corruption . | . . . . . Corruption Purged . | . . . . . Corruption Blocked . | . . . . . Overload Shots . | . . . . . Overflow Damage 196 | . . . 191 5 Projectiles 20 | . . . 15 5 Explosions 148 | . . . 148 . Melee 28 | . . . 28 . Knockbacks 4 | . 1 2 1 . Impact 1 | . . . 1 . Kinetic 3 | . 1 2 . . Secondary . | . . . . . Self-Inflicted Damage 405 | . . . 405 . Shots 8 | . . . 8 . Rammed 4 | . . . 4 . Targets Rammed 4 | . . . 4 . Kicked . | . . . . . Crushed . | . . . . . Highest Temperature 540 | 351 273 . 397 540 Average Temperature 110 | 129 66 . 110 217 Received Heat Transfer 1569 | . 18 12 1503 36 Effects 10 | 1 . . 2 7 Shutdowns 1 | . . . . 1 Energy Bleed 2 | . . . 1 1 Interference 1 | . . . 1 . Matter Decay 1 | 1 . . . . Damage (minor) 1 | . . . . 1 Damage (major) 4 | . . . . 4 Siege Activations . | . . . . . Robots Corrupted 2 | . . . 2 . Combat Hostiles 2 | . . . 2 . Parts Fried 3 | . . . 3 . Impact Corruptions 1 | . . . 1 . Robots Melted . | . . . . . Combat Hostiles . | . . . . . Parts Melted 17 | 7 3 . 6 1 Heat Transferred 7598 | 1258 1369 225 4006 740 Parts Sabotaged . | . . . . . Parts Stolen . | . . . . . Parts Stripped . | . . . . . Power Chain Reactions 8 | . . . 8 . Alert | -11 -10 -10 -8 -8 ------- Run | Yrd Mat Sub Mat Sto Peak Influence 939 | 45 211 . 939 516 Initial 369 | . 29 . 10 369 Average 434 | 17 70 . 641 399 Maximum Alert Level 3 | . 1 . 3 2 Low Security (%) 36 | 100 92 . 9 . Level 1 6 | . 7 . . 76 Level 2 28 | . . . 45 23 Level 3 27 | . . . 45 . Level 4 . | . . . . . Level 5 . | . . . . . High Security . | . . . . . Max Security . | . . . . . Squads Dispatched 12 | . . . 11 1 Investigation 3 | . . . 3 . Extermination . | . . . . . Reinforcement 5 | . . . 4 1 Assault 4 | . . . 4 . Garrison . | . . . . . Intercept . | . . . . . Searches Triggered . | . . . . . Construction Impeded 1 | . . . 1 . Haulers Reinforced . | . . . . . Active Scanning Responses . | . . . . . Cargo Convoy Interrupts . | . . . . . Stealth | -11 -10 -10 -8 -8 --------- Run | Yrd Mat Sub Mat Sto Distress Signals 8 | . 3 . 5 . Communications Jammed . | . . . . . Distress Signals . | . . . . . Times Spotted 89 | . 14 5 62 8 Peak Tracking Total 8 | . 7 1 8 6 Tactical Retreats 5 | . 3 . 1 1 Traps | -11 -10 -10 -8 -8 ------- Run | Yrd Mat Sub Mat Sto Traps Triggered 1 | . . 1 . . Indirectly . | . . . . . Trap Hack Attempts . | . . . . . Triggered . | . . . . . Disarmed . | . . . . . Reprogrammed . | . . . . . Reused . | . . . . . Traps Extracted . | . . . . . Installed 1 | . . 1 . . Triggered 1 | . . . 1 . Machines | -11 -10 -10 -8 -8 ---------- Run | Yrd Mat Sub Mat Sto Machines Disabled 9 | . . 1 7 1 Max in Single Turn 2 | . . 1 2 1 Garrison Access 2 | . . . 1 1 Machines Repaired . | . . . . . Machines Dismantled . | . . . . . Machines Sabotaged . | . . . . . Overloaded Fab Kills . | . . . . . Hacking | -11 -10 -10 -8 -8 --------- Run | Yrd Mat Sub Mat Sto Machines Accessed 14 | . 4 1 8 1 Terminals 10 | . 4 . 6 . Fabricators . | . . . . . Repair Stations 1 | . . . 1 . Recycling Units 1 | . . . 1 . Scanalyzers . | . . . . . Garrison Access 1 | . . . . 1 Total Hacks 33 | . 14 1 17 1 Successful 12 | . 7 1 3 1 Failed 21 | . 7 . 14 . Catastrophic 4 | . . . 4 . Database Lockouts . | . . . . . Manual 23 | . 10 . 13 . Terminals 28 | . 14 . 14 . Fabricators . | . . . . . Repair Stations 1 | . . . 1 . Recycling Units 2 | . . . 2 . Scanalyzers . | . . . . . Garrison Access 1 | . . . . 1 Terminal Hacks 6 | . 4 1 1 . Unreport Threat 3 | . 2 . 1 . Zone Layout 2 | . 2 . . . Derelict Proto ID Bank 1 | . . 1 . . Fabricator Hacks . | . . . . . Repair Station Hacks . | . . . . . Recycling Unit Hacks . | . . . . . Scanalyzer . | . . . . . Garrison Access Hacks 1 | . . . . 1 Seal Access 1 | . . . . 1 Unauthorized Hacks 5 | . 3 . 2 . Terminals 3 | . 3 . . . Botnet 1 | . 1 . . . Skim 2 | . 2 . . . Fabricators . | . . . . . Repair Stations 1 | . . . 1 . Patch 1 | . . . 1 . Recycling Units 1 | . . . 1 . Tunnel 1 | . . . 1 . Scanalyzers . | . . . . . Garrison Access . | . . . . . Data Cores Recovered . | . . . . . Used . | . . . . . Hacking Detections 11 | . 4 . 7 . Full Trace Events 1 | . . . 1 . Feedback Events . | . . . . . Feedback Blocked . | . . . . . Robot Schematics Acquired . | . . . . . Robots Built . | . . . . . Authchips . | . . . . . Time . | . . . . . Total Robot Build Rating . | . . . . . Part Schematics Acquired . | . . . . . Parts Built . | . . . . . Authchips . | . . . . . Time . | . . . . . Total Part Build Rating . | . . . . . Parts Repaired . | . . . . . Time . | . . . . . Parts Recycled . | . . . . . Recycled Matter . | . . . . . Retrieved Matter . | . . . . . Retrieved Components . | . . . . . Parts Scanalyzed . | . . . . . Part Schematics Acquired . | . . . . . Parts Damaged . | . . . . . Bothacking | -11 -10 -10 -8 -8 ------------ Run | Yrd Mat Sub Mat Sto Used RIF Installer . | . . . . . Robots Hacked . | . . . . . Non-combat . | . . . . . Combat . | . . . . . Robot Hacks Applied . | . . . . . Relay Couplers Released 1 | . . . 1 . Machine Destruction 1 | . . . 1 . Fabnet Peak Effective % . | . . . . . Robots Rewired . | . . . . . Allies Hacked . | . . . . . Hacks Repelled . | . . . . . Allies | -11 -10 -10 -8 -8 -------- Run | Yrd Mat Sub Mat Sto Total Allies . | . . . . . Largest Group . | . . . . . Highest-Rated Group . | . . . . . Highest-Rated Ally . | . . . . . Total Orders . | . . . . . Ally Attacks . | . . . . . Total Damage . | . . . . . Kills . | . . . . . Allies Corrupted . | . . . . . Allies Melted . | . . . . . Intel | -11 -10 -10 -8 -8 ------- Run | Yrd Mat Sub Mat Sto Robot Analysis Total . | . . . . . Derelict Logs Recovered . | . . . . . Drone Launches . | . . . . . Drone Recoveries . | . . . . . Exploration | -11 -10 -10 -8 -8 ------------- Run | Yrd Mat Sub Mat Sto Turns Passed 4749 | 270 816 1465 2007 191 Spaces Moved 2153 | 110 346 832 800 65 Core 18 | 18 . . . . Treads 2135 | 92 346 832 800 65 Legs . | . . . . . Wheels . | . . . . . Hover . | . . . . . Flight . | . . . . . Fastest Speed 50 | 50 160 160 152 230 Average Speed 167 | 165 160 160 173 230 Slowest Speed 250 | 250 160 160 240 232 Overloaded Moves . | . . . . . Propulsion Burnouts . | . . . . . Robots Hopped . | . . . . . Cave-ins Triggered . | . . . . . Exploration Rate (%) 38 | 5 54 45 70 16 Regions Visited 4 Branch Regions 2 Pre-discovered Areas 1 | . . . 1 . Known Exits Taken . | . . . . . Unknown Exits Taken 4 | 1 1 1 1 . Scrap Searched 11 | . . 11 . . Spaces Dug 22 | . 2 3 16 1 Terrain Destroyed 202 | . 2 20 178 2 Melee . | . . . . . Projectile 42 | . 2 7 31 2 AOE 160 | . . 13 147 . Terrain Rammed . | . . . . . Walls Destroyed . | . . . . . Machines Disabled . | . . . . . Actions | -11 -10 -10 -8 -8 --------- Run | Yrd Mat Sub Mat Sto Total 2859 | 151 538 921 1161 88 Wait 229 | 5 120 33 67 4 Move 2149 | 109 345 831 799 65 Hop . | . . . . . Pick Up 56 | 7 11 5 30 3 Fast Attach 34 | 7 . 4 23 . Attach 24 | . . . 22 2 Detach 13 | . . 1 11 1 Swap 33 | . 9 1 23 . Drop 48 | 1 9 9 27 2 Fire 263 | 22 44 36 150 11 Melee 5 | . . . 5 . Ram . | . . . . . Kick . | . . . . . Crush 4 | . . . 4 . Escape Stasis . | . . . . . Rewire . | . . . . . Trap 1 | . . 1 . . Miscellaneous . | . . . . . Route ------- -11/Scrapyard -10/Materials (discovered 4 exits: [*Mat x2] / [*Min] / *Sub) -10/Subcaves -8/Materials (discovered 2 exits: [*Fac] / *Sto) -8/Storage History --------- Turn | Location | Event 31 | -11/Scrapyard | Discovered new exit (range 14) 271 | -11/Scrapyard | Entered Materials 310 | -10/Materials | Build established: Mutant 311 | -10/Materials | Discovered new exit (range 10) 443 | -10/Materials | Discovered new exit (range 15) 784 | -10/Materials | Discovered new exit (range 10) 1071 | -10/Materials | Discovered new exit (range 10) 1087 | -10/Materials | Entered Subcaves 1327 | -10/Subcaves | Visited 4L-MR0's lab 1366 | -10/Subcaves | Found Rainbow Chip 1454 | -10/Subcaves | Shifting Twisted Machinery released Battle Rifle 2487 | -10/Subcaves | Discovered new exit (range 15) 2531 | -10/Subcaves | A swath of the cavern ceiling suddenly collapsed 2552 | -10/Subcaves | Entered Materials 2552 | -8/Materials | Evolved 4 slots: Propulsion x1, Utility x2, Weapon x1 2759 | -8/Materials | Destroyed 8 combat bots 2801 | -8/Materials | Discovered new exit (range 11) 2877 | -8/Materials | Lost 6 parts (1p3u2w) 3038 | -8/Materials | Lost 4 parts (2n2w) 3197 | -8/Materials | Core integrity fell below 50% 3294 | -8/Materials | Build established: Scavenger-Mutant 3404 | -8/Materials | Lost 3 parts (1p2n) 3683 | -8/Materials | Discovered new exit (range 3) 3752 | -8/Materials | First assault squad dispatched 3870 | -8/Materials | Build established: Gunner 4057 | -8/Materials | Core integrity fell below 20% 4559 | -8/Materials | Entered Storage 4750 | -8/Storage | Destroyed by G-47 Trooper with Particle Gun Last Messages --------------- 04720_ Overheating: Adv. Treads damaged (-16). 04720_ Overheating: Lgt. Treads damaged (-42). 04721_ Power failure, Lgt. Nuclear Core shutdown. 04721_ S-10 Pest destroyed. 04723_ Overheating: Energy bleed (-14). 04723_ U-05 Engineer builds a Wall. 04724_ Overheating: Lgt. Nuclear Core damaged (-7). 04735_ Adv. Treads destroyed. 04736_ K-01 Serf collects debris. 04736_ ALERT: Hostiles spotted, dispatching reinforcements to Terminal S002. 04739_ K-01 Serf collects debris. 04743_ Discarded Adv. Targeting Computer. 04743_ K-01 Serf collects debris. 04744_ Beam Rifle melted. 04744_ Y-45 Defender destroyed. 04746_ K-01 Serf collects debris. 04749_ Lgt. Nuclear Core destroyed. Map ----- +----------------------------------------------------+ | ??????????????????????????????????????????? | | ??????????????????????????????????????????? | | ??????????????????????????????????????????? | | ??????????????????????????????????????????? | | ??????????????????????????????????????????? | | ??????????????????????????????????????????? | | ??????????????????????????????????????????? | | ??????????????????????????????????????????? | | ??????????????????????????????????????????? | | ??????????????????????????????????????????? | | ??????????# ??????????????????????????????? | | ??????????# ?????????????????????????????? | | ??????????? ?????????????????????????????? | | ??????????? #????????????????????????????? | | ???????????? ##+########## ??????????????? | | ???????????? ???????????????? | | ????????????? ?????????????????? | | ????????????? T ??????????????????? | | ?????????????? ???????????????????? | | ?????????????? ?????????????????????? | | ??????????????? = ??????????????????????? | | ??????????????? =* ???????????????????????? | | ???????????###########????????????????????? | | ???????????# =%* #????????????????????? | | ???????????#=%Y kg"" #????????????????????? | | ??????????## *"""!@"??????????????????????? | | ??????????## "="" "??????????????????????? | | ???????????# " ""="??????????????????????? | | ???????????# /""""??????????????????????? | | ???????????# """ #????????????????????? | | ???????????# #???? ?????????????? | | ???????????##+######### ?????????????? | | ????######### ????????????? | | ????# ## ????????????? | | ????# ## ????????????? | | ????# #### ########+##+??????????????? | | ????# #??# #?????????????????????????? | | ????? #??# #?????????????????????????? | | ??????? #??# #?????????????????????????? | | ?????#+##+##### #?????????????????????????? | | ?????# #?????????????????????????? | | ?????#### #######?????????????????????????? | | ????????# #???????????????????????????????? | | ????????# #???????????????????????????????? | | ????????#+########????????????????????????? | | ????????# #????????????????????????? | | ????????# """"" #????????????????????????? | | ?????#### """"" #????????????????????????? | | ?????#""" """"" #????????????????????????? | | ?????#"G #????????????????????????? | +----------------------------------------------------+ Best States ------------- Heat Dissipation 55 Energy Generation 14 Energy Capacity 265 Matter Stores 300 Matter Capacity 300 Sight Range 16 Terrain Scan Range 16 Terrain Scan Density 10 Armor Coverage 250 Core Shielding 20 Evasion (%) 40 Targeting Accuracy 8 Recoil Reduction 3 Item Schematics ----------------- None Robot Schematics ------------------ None Fabricated ------------ Nothing Alien Tech Used ----------------- None Achievements -------------- None Challenges ------------ None Game ------ Seed FireMetaCarapace Manual? 0 Play Time 00:43:50 Cumulative 531.7 hours Start 2024.08.08 @ 19:27:19 End 2024.08.08 @ 20:15:51 Sessions 1 Manual Loads 0 Difficulty Rogue Special Mode None Game No. 146 Rogue 146 Adventurer 0 Explorer 0 Win Type - Total 37 Types 27/0/3/2/1/1/1/2/0 Lore% 36 Gallery% 79 Achievement% 86 Wizard Run 0 Options --------- Layout 2 ASCII 1 Keyboard 1 Movement Numpad Keybinds 0 Fullscreen 2 Font 24/Smallcaps Map View 50x44 Zoom Use 0% Tactical HUD 1 Map Filters NONE Filters NONE Steam 1 RUN: e84c1158-7860-4340-a26d-28761d1eb9ac